Map: Zen LE

Players

AgoElazer (Elazer) - Winner!

  • Race: Zerg Zerg
  • Spawn Location: 1:00

soO

  • Race: Zerg Zerg
  • Spawn Location: 7:00

Event: Shopify TSL 5

VOD

Have the link to the VOD?

Description

Time

  • Played on: May 31, 2020, 9:37 a.m.
  • Length: 3:56

All games in this series

Show
View Real Time Build Order
Export as new Build Order

AgoElazer Zerg - Winner!

Build Orders: Hatch First 

Get SALT Encoding   

  12  0:00  Drone  
  13  0:12  Overlord  
  13  0:17  Drone  
  14  0:30  Drone x2  
  16  0:49  Hatchery  
  15  0:51  Drone  
  15  0:54  Drone  
  17  0:58  Drone  
  18  1:09  Extractor  
  17  1:13  Spawning Pool  
  17  1:17  Drone  
  17  1:20  Drone  
  18  1:31  Drone  
  18  2:01  Zergling x6  
  18  2:02  Queen, Spine Crawler  
  21  2:14  Zergling x2  
  19  2:24  Zergling x2  
  20  2:35  Zergling x2  
  16  2:45  Zergling x2  
  17  2:55  Zergling x2  
  18  2:59  Spine Crawler  
  17  3:07  Zergling x2  
  18  3:16  Queen  
  20  3:20  Zergling x2  
Show
View Real Time Build Order
Export as new Build Order

soO Zerg 

Build Orders: Pool Only 

Get SALT Encoding   

  12  0:17  Spawning Pool  
  11  0:22  Drone  
  11  0:26  Drone  
  13  0:31  Drone  
  14  0:39  Overlord  
  15  1:04  Zergling x4  
  15  1:05  Zergling x2  
  17  1:15  Zergling x2  
  18  1:27  Zergling x2  
  19  1:37  Zergling x2  
  17  2:01  Zergling x2  
  17  2:04  Zergling x2  
  18  2:12  Spine Crawler  
  18  2:15  Zergling x2  
  18  2:24  Zergling x2  
  16  2:54  Zergling x2  
Tags
 
Matchup
ZvZ
Player
ElazersoO
Race
Zerg
Spawn Locations
Cross Positions
Add a new tag
Caveats
  • Supply blocks, unpowered buildings, or Contaminate may cause inaccurate times.
  • Supply counts are checked every 10 seconds.